 Dungeon Crawl Stone Soup version bcrawl-1.27.3 (webtiles) character file.

Game seed: 10722162233586646103

56752 MisterOstroum the Caller (level 1, -2/14 HPs)
             Began as a Demonspawn Summoner on Aug 1, 2020.
             Slain by a jackal (3 damage)
             ... on level 1 of the Dungeon.
             The game lasted 00:00:17 (24 turns).

MisterOstroum the Caller (Demonspawn Summoner)        Turns: 24, Time: 00:00:18

Health: -2/14      AC:  2    Str:  8    XL:     1   Next: 25%
Magic:  0/3        EV: 12    Int: 16    God:
Gold:   0          SH:  0    Dex: 13    Spells: 3/4 levels left

rFire    . . .     SeeInvis .     - Fists (2.6)
rCold    . . .     Gourm    .   (no shield)
rNeg     . . .     Faith    .   a - +0 robe
rPois    .         Spirit   .   (no helmet)
rElec    .         Reflect  .   (no cloak)
rCorr    .         Harm     .   (no gloves)
MR       .....                  (no boots)
Stlth    ++........             (no amulet)
HPRegen  0.04/turn              (no ring)
MPRegen  0.08/turn              (no ring)

@: no status effects
A: no striking features
a: no special abilities


You were on level 1 of the Dungeon.
You were not hungry.

You visited 1 branch of the dungeon, and saw 1 of its levels.

Inventory:

Armour
 a - a +0 robe (worn)
Scrolls
 c - a scroll of summoning
Potions
 b - a potion of lignification {unknown}
Comestibles
 e - a ration {!d}


   Skills:
 + Level 0.6 Fighting
 - Level 1.7 Dodging
 - Level 2.0 Stealth
 - Level 2.0 Spellcasting
 - Level 4.0 Summonings


You had 3 spell levels left.
You knew the following spells:

 Your Spells              Type           Power        Failure   Level  Hunger
a - Summon Small Mammal   Summ           ##..         4%          1    None

Your spell library contained the following spells:

 Spells                   Type           Power        Failure   Level  Hunger
 Call Imp                 Summ           ##....       6%          2    ##.....
 Call Canine Familiar     Summ           ##......     12%         3    ####...
 Summon Ice Beast         Ice/Summ       #.......     65%         4    ######.
 Summon Lightning Spire   Summ/Air       #.......     94%         5    #######


Dungeon Overview and Level Annotations

Branches:
Dungeon (1/12)

Altars:


Message History

Casting: Summon Small Mammal (safe; 4% risk of failure)
Confirm with . or Enter, or press ? or * to list all spells.
The jackal barks!
Casting: Summon Small Mammal (safe; 4% risk of failure)
Confirm with . or Enter, or press ? or * to list all spells.
Your bat barely misses the jackal.
The jackal completely misses your bat.
You hit the jackal but do no damage.
Your bat barely misses the jackal.
Your bat closely misses the jackal.
The jackal bites you but does no damage.
The jackal closely misses your bat.
Your rat bites the jackal.
You barely miss the jackal.
The jackal is moderately wounded.
Your bat closely misses the jackal.
Your bat hits the jackal. The jackal misses you.
The jackal closely misses your bat. The jackal bites you. x2
Your rat bites the jackal but does no damage.
You hit the jackal.
The jackal is almost dead.
Your bat hits the jackal but does no damage.
The jackal closely misses you. The jackal barely misses your bat.
The jackal bites your bat but does no damage.
Your bat hits the jackal but does no damage.
The jackal bites you but does no damage.
Your bat closely misses the jackal.
The jackal barely misses your bat. The jackal bites your bat.
The jackal barely misses you.
Your rat barely misses the jackal.
You closely miss the jackal.
The jackal is almost dead.
Your bat hits the jackal.
Your bat barely misses the jackal.
The jackal barely misses you.
You hit the jackal.
You kill the jackal!
Your bat hits the jackal but does no damage.
Your bat closely misses the jackal. x2; The jackal barely misses you.
Your rat misses the jackal. You hit the jackal.
The jackal is heavily wounded.
Your bat hits the jackal but does no damage. x2
The jackal misses you. x2; The jackal barely misses you.
Your rat bites the jackal.
The jackal dies!
Your bat misses the jackal.
Your bat hits the jackal but does no damage.
The jackal bites you.
Your rat bites the jackal but does no damage.
You closely miss the jackal.
Your bat closely misses the jackal.
The jackal closely misses you. The jackal barely misses you.
Your bat closely misses the jackal.
The jackal bites you.
Your rat bites the jackal.
The jackal barely misses you.
Your bat hits the jackal but does no damage.
You hit the jackal but do no damage.
The jackal is moderately wounded.
Your bat misses the jackal. Your bat hits the jackal.
Your bat closely misses the jackal.
The jackal closely misses you. The jackal misses you.
Your rat barely misses the jackal.
You hit the jackal but do no damage. The jackal misses you.
Your bat misses the jackal.
Your bat hits the jackal but does no damage.
The jackal bites you.
Your rat bites the jackal but does no damage.
The jackal bites you but does no damage.
Unknown command.
You hit the jackal but do no damage.
Your bat hits the jackal but does no damage.
The jackal misses you.
Your bat hits the jackal.
The jackal bites you but does no damage.
The jackal misses you.
Your rat bites the jackal.
You hit the jackal but do no damage.
The jackal is moderately wounded.
Your bat misses the jackal. The jackal closely misses you.
The jackal pauses to sniff the ground.
The jackal bites you but does no damage.
Your bat completely misses the jackal.
Your rat bites the jackal.
Casting: Summon Small Mammal (safe; 4% risk of failure)
Confirm with . or Enter, or press ? or * to list all spells.
Your bat hits the jackal but does no damage.
Your bat closely misses the jackal.
The jackal barely misses your rat.
The jackal bites you but does no damage.
The jackal bites your rat.
Your rat dies!
Your rat's corpse disappears in a puff of smoke!
The jackal bites you.
The jackal barks!
You hit the jackal but do no damage.
The jackal is severely wounded.
Your bat hits the jackal but does no damage.
The jackal bites you.
* * * LOW HITPOINT WARNING * * *
Your bat completely misses the jackal.
You closely miss the jackal.
The jackal is severely wounded.
Your bat hits the jackal.
The jackal bites you but does no damage.
Your bat misses the jackal.
Your quokka closely misses the jackal.
The jackal bites you.
* * * LOW HITPOINT WARNING * * *
You barely miss the jackal.
The jackal is almost dead.
Your bat barely misses the jackal.
The jackal bites you.
You die...

. .. ... .....
#####.....
########.@.......
#P.....$.hhr...P#
#≈P...........P≈#
#≈≈P......bb.P≈≈#
#≈≈≈P.......P≈≈≈#
#≈≈≈≈P.....P≈≈≈≈#
#≈≈≈≈≈P.<.P≈≈≈≈≈#
#≈≈≈≈P.....P≈≈≈≈#
#≈≈≈P.......P≈≈≈#


You could see 2 jackals, a friendly quokka and 2 friendly bats.

Vanquished Creatures
  A jackal (D:1)
1 creature vanquished.

Vanquished Creatures (collateral kills)
  A jackal (D:1)
1 creature vanquished.

Grand Total: 2 creatures vanquished

Notes
Turn   | Place    | Note
-------+----------+-------------------------------------------
     0 | D:1      | MisterOstroum the Demonspawn Summoner began the quest for
                  | the Orb.
     0 | D:1      | Reached XP level 1. HP: 13/13 MP: 3/3
    24 | D:1      | Slain by a jackal

Action                   || total
-------------------------++-------
Melee: Unarmed           ||    14
 Cast: Summon Small Mamm ||     4
Armor: Robe              ||     7
Dodge: Dodged            ||    17
